Blackhawks vs Coyotes

Created - Saturday, January 09, 2016 at 00:19

Goals
1 2 3 T
Blackhawks 3 1 2 6
Coyotes 0 0 1 1
Shots
1 2 3 T
Blackhawks 12 12 9 33
Coyotes 10 6 7 23

1st period

1. Blackhawks , David Backes 24 (Tanner Pearson) at 10:50 (PP)
2. Blackhawks , Mike Hoffman 17 (Jared Spurgeon, Riley Sheahan) at 14:57
3. Blackhawks , Tanner Pearson 6 (Zach Trotman) at 18:59

Penalties :
Nathan Beaulieu (Ari) for Roughing (Minor) at 10:35, Troy Brouwer (Chi) for Hooking (Minor) at 15:10

2nd period

4. Blackhawks , Brent Burns 5 (Dustin Byfuglien, Jared Spurgeon) at 5:51

Penalties :
Carter Ashton (Ari) for Hooking (Minor) at 17:13

3rd period

5. Coyotes , Elias Lindholm 18 (Yannick Weber) at 4:46
6. Blackhawks , Andrew Shaw 1 (Dustin Byfuglien, Tanner Pearson) at 5:29 (PP)
7. Blackhawks , Michael Del Zotto 3 (Sami Vatanen, Tanner Pearson) at 12:21

Penalties :
Dustin Byfuglien (Chi) for Hooking (Minor) at 3:11, R.J. Umberger (Ari) for Roughing (Minor) at 4:26, Nathan Beaulieu (Ari) for Fighting (Major) at 7:34, Troy Brouwer (Chi) for Fighting (Major) at 7:34, Troy Brouwer (Chi) for instigated a fight (Minor) at 7:34, Troy Brouwer (Chi) for instigated a fight (10 Minutes Misconduct) at 7:34, Carter Ashton (Ari) for Tripping (Minor) at 12:29

Goalie Stats

Scott Darling (Chi), 22 saves from 23 shots - (0.957), W, 8-2-0, 60:00 minutes
Magnus Hellberg (Ari), 27 saves from 33 shots - (0.818), L, 3-18-1, 60:00 minutes

Players Stats for Blackhawks

Player Name              G  A  P  +/- PIM S  H  SB GA TA FO     MP     PP MP  PK MP  
------------------------------------------------------------------------------------
Andrew Shaw              1  0  1   2  0   2  1  0  2  0  5/9    13:08   0:19   0:00 
Brent Burns              1  0  1   1  0   2  3  0  3  0  1/1    17:41   2:40   2:02 
Brock Nelson             0  0  0   0  0   1  2  0  1  0  0/1    11:58   0:00   0:00 
Brooks Laich             0  0  0   1  0   1  0  0  0  0  0/0    15:12   0:00   3:30 
Craig Smith              0  0  0   0  0   3  2  0  6  0  0/0    13:35   0:47   0:00 
David Backes             1  0  1   1  0   3  0  1  4  1  13/17  18:07   2:53   3:11 
Dustin Byfuglien         0  2  2   2  2   0  1  1  0  1  0/0    18:34   2:59   0:58 
Jared Spurgeon           0  2  2   2  0   1  0  1  0  4  0/0    20:12   0:19   2:02 
Martin Hanzal            0  0  0   0  0   0  3  0  1  1  8/10   15:56   1:20   2:02 
Michael Del Zotto        1  0  1   1  0   2  0  1  0  1  0/0    18:18   0:00   3:11 
Mike Hoffman             1  0  1   1  0   1  0  0  0  0  0/0    15:50   2:01   0:00 
Riley Sheahan            0  1  1   0  0   1  3  0  1  1  7/12   12:48   0:00   0:00 
Sami Vatanen             0  1  1   1  0   1  3  2  1  1  0/0    23:34   1:52   3:11 
Tanner Pearson           1  3  4   2  0   6  1  0  5  0  0/1    16:01   3:12   0:00 
Torey Krug               0  0  0   0  0   1  1  0  0  0  0/0    18:38   1:33   0:00 
Troy Brouwer             0  0  0   1  19  1  0  0  1  0  0/1    12:37   1:25   0:45 
Tyler Toffoli            0  0  0   1  0   6  0  0  3  0  0/0    14:41   1:20   0:00 
Zach Trotman             0  1  1   0  0   1  0  0  0  3  0/0    17:05   0:00   0:00 

Players Stats for Coyotes

Player Name              G  A  P  +/- PIM S  H  SB GA TA FO     MP     PP MP  PK MP  
------------------------------------------------------------------------------------
Andrej Sustr             0  0  0  -2  0   2  0  3  1  5  0/0    23:25   2:28   2:57 
Bobby Butler             0  0  0  -1  0   2  0  1  0  0  1/2    14:05   0:00   0:00 
Carter Ashton            0  0  0   0  4   1  0  0  0  0  0/0     8:45   0:00   0:00 
David Jones              0  0  0  -3  0   0  3  0  2  1  0/0    19:08   2:23   1:29 
Elias Lindholm           1  0  1  -2  0   2  1  0  5  0  6/12   19:39   2:23   1:24 
Eric Nystrom             0  0  0  -2  0   0  2  1  1  2  0/0    21:33   2:23   3:28 
Gabriel Dumont           0  0  0  -1  0   1  0  1  1  0  0/0    15:32   2:28   0:00 
Greg Pateryn             0  0  0  -1  0   0  3  1  0  1  0/0    13:43   0:00   1:35 
Jacob De La Rose         0  0  0  -1  0   6  3  0  7  0  7/19   20:16   0:22   1:57 
Jonathan Marchessault    0  0  0   0  0   0  0  0  0  1  0/0     2:35   0:00   0:00 
Mark Borowiecki          0  0  0  -1  0   1  3  2  1  4  0/0    26:28   2:45   2:57 
Michal Jordan            0  0  0  -1  0   1  1  2  0  0  0/0    22:41   2:28   1:35 
Nathan Beaulieu          0  0  0  -1  7   0  0  0  0  1  0/0    14:53   0:00   0:00 
Philippe Paradis         0  0  0   0  0   0  0  0  0  0  0/0     2:46   0:00   0:38 
R.J. Umberger            0  0  0   0  2   2  2  0  1  1  0/1    18:19   2:49   0:08 
Rob Klinkhammer          0  0  0   0  0   0  0  0  2  1  0/2    14:27   0:00   0:00 
Stephen Weiss            0  0  0   0  0   3  0  0  1  0  4/16   17:33   2:50   0:00 
Yannick Weber            0  1  1   0  0   2  2  1  1  2  0/0    18:46   2:45   0:00 

3 Stars

1 - Tanner Pearson (Chi)
2 - Scott Darling (Chi)
3 - Brent Burns (Chi)

Power Play

Blackhawks - 2 on 4 Attempt(s) - 50.00%
Coyotes - 0 on 3 Attempt(s) - 0.00%

Penalty Kill

Blackhawks - 3 on 3 Attempt(s) - 100.00% - Score 0 goal in Penalty Kill
Coyotes - 2 on 4 Attempt(s) - 50.00% - Score 0 goal in Penalty Kill

Team Stat

Blackhawks - Hits : 20 - Faceoff Wins : 34 - Blocked Shots : 6 - Penalty Minutes : 21
Coyotes - Hits : 20 - Faceoff Wins : 18 - Blocked Shots : 12 - Penalty Minutes : 13

Official

Referees : Unknown
Linesman : Unknown

Game Notes

Jonathan Marchessault is injured at 12:30 of 1st period (Right Hip)
Nathan Beaulieu beats up Troy Brouwer at 7:34 of 3rd period

Finance

Level 1 -- Attendance: 4895 (81.58%) -- Ticket Income $450,340
Level 2 -- Attendance: 3852 (77.04%) -- Ticket Income $231,120
Level 3 -- Attendance: 1700 (85.00%) -- Ticket Income $54,400
Level 4 -- Attendance: 3146 (78.65%) -- Ticket Income $62,920
Luxury Box -- Attendance: 739 (73.90%) -- Ticket Income $136,715
Game was played at the Glendale Arena.
Total Attendance: 14332 (79.62%)
Total Ticket Income: $935,495
Other Income: $458,393
Total Income: $1,393,888

Blackhawks

5 vs 5 Forward 
   Center                   Left Wing                Right Wing               Time % Phy DF OF 
 1 Martin Hanzal            Brock Nelson             Tyler Toffoli            25     0   1  4  
 2 Riley Sheahan            Mike Hoffman             Craig Smith              25     0   1  4  
 3 David Backes             Brooks Laich             Brent Burns              25     1   1  3  
 4 Andrew Shaw              Tanner Pearson           Troy Brouwer             25     1   2  2  

5 vs 5 Defense 
   Defense                  Defense                                           Time % Phy DF OF 
 1 Jared Spurgeon           Dustin Byfuglien                                  30     1   2  2  
 2 Sami Vatanen             Michael Del Zotto                                 30     1   2  2  
 3 Torey Krug               Zach Trotman                                      30     1   2  2  
 4 Jared Spurgeon           Sami Vatanen                                      10     1   2  2  

PowerPlay Forward 
   Center                   Left Wing                Right Wing               Time % Phy DF OF 
 1 David Backes             Tanner Pearson           Troy Brouwer             60     0   1  4  
 2 Martin Hanzal            Mike Hoffman             Tyler Toffoli            40     0   1  4  

PowerPlay Defense
   Defense                  Defense                                           Time % Phy DF OF 
 1 Dustin Byfuglien         Brent Burns                                       60     1   1  3  
 2 Torey Krug               Sami Vatanen                                      40     1   1  3  

Penalty Kill 4 Players Forward 
   Center                   Wing                     Time % Phy DF OF 
 1 David Backes             Troy Brouwer             50     1   3  1  
 2 Martin Hanzal            Brooks Laich             50     1   3  1  

Penalty Kill 4 Players Defense
   Defense                  Defense                  Time % Phy DF OF 
 1 Sami Vatanen             Michael Del Zotto        50     2   3  0  
 2 Jared Spurgeon           Brent Burns              50     2   3  0  

Penalty Kill - 3 Players Forward 
   Forward                                           Time % Phy DF OF 
 1 David Backes                                      50     1   4  0  
 2 Troy Brouwer                                      50     1   4  0  

Penalty Kill - 3 Players Defense
   Defense                  Defense                  Time % Phy DF OF 
 1 Jared Spurgeon           Michael Del Zotto        50     1   4  0  
 2 Jared Spurgeon           Brent Burns              50     1   4  0  

4 vs 4 Forward 
   Center                   Wing                     Time % Phy DF OF 
 1 Riley Sheahan            Craig Smith              50     0   2  3  
 2 Andrew Shaw              Tanner Pearson           50     0   2  3  

4 vs 4 Defense
   Defense                  Defense                  Time % Phy DF OF 
 1 Torey Krug               Zach Trotman             50     1   2  2  
 2 Jared Spurgeon           Dustin Byfuglien         50     1   2  2  

Last Minutes Offensive
   Center                   Left Wing                Right Wing               Defense                  Defense                  
   David Backes             Mike Hoffman             Tyler Toffoli            Brent Burns              Dustin Byfuglien         

Last Minutes Defensive
   Center                   Left Wing                Right Wing               Defense                  Defense                  
   David Backes             Brooks Laich             Troy Brouwer             Jared Spurgeon           Sami Vatanen             

Goaltenders
Starting : Scott Darling            
Backup : Craig Anderson           

Extra Forwards
Normal : Mike Hoffman, Tanner Pearson, Tyler Toffoli - PP : Mike Hoffman, Craig Smith - PK : Brooks Laich
Extra Defensemen
Normal : Sami Vatanen, Torey Krug, Dustin Byfuglien - PP : Torey Krug - PK : Michael Del Zotto, Sami Vatanen
Penalty Shots
Brock Nelson, Riley Sheahan, Sami Vatanen, Craig Smith, Brent Burns

Coyotes

5 vs 5 Forward 
   Center                   Left Wing                Right Wing               Time % Phy DF OF 
 1 Elias Lindholm           Eric Nystrom             David Jones              35     1   2  2  
 2 Stephen Weiss            Rob Klinkhammer          R.J. Umberger            30     1   2  2  
 3 Jacob De La Rose         Jonathan Marchessault    Gabriel Dumont           22     1   2  2  
 4 Jacob De La Rose         Carter Ashton            Bobby Butler             13     1   2  2  

5 vs 5 Defense 
   Defense                  Defense                                           Time % Phy DF OF 
 1 Andrej Sustr             Nathan Beaulieu                                   35     1   2  2  
 2 Mark Borowiecki          Yannick Weber                                     30     1   2  2  
 3 Greg Pateryn             Michal Jordan                                     22     1   2  2  
 4 Mark Borowiecki          Michal Jordan                                     13     1   2  2  

PowerPlay Forward 
   Center                   Left Wing                Right Wing               Time % Phy DF OF 
 1 Elias Lindholm           Eric Nystrom             David Jones              60     1   2  2  
 2 Stephen Weiss            Jonathan Marchessault    R.J. Umberger            40     1   2  2  

PowerPlay Defense
   Defense                  Defense                                           Time % Phy DF OF 
 1 Mark Borowiecki          Yannick Weber                                     60     1   2  2  
 2 Andrej Sustr             Michal Jordan                                     40     1   2  2  

Penalty Kill 4 Players Forward 
   Center                   Wing                     Time % Phy DF OF 
 1 Jacob De La Rose         Eric Nystrom             60     1   2  2  
 2 Elias Lindholm           R.J. Umberger            40     1   2  2  

Penalty Kill 4 Players Defense
   Defense                  Defense                  Time % Phy DF OF 
 1 Mark Borowiecki          Andrej Sustr             60     1   2  2  
 2 Greg Pateryn             Michal Jordan            40     1   2  2  

Penalty Kill - 3 Players Forward 
   Forward                                           Time % Phy DF OF 
 1 Jacob De La Rose                                  60     1   2  2  
 2 Elias Lindholm                                    40     1   2  2  

Penalty Kill - 3 Players Defense
   Defense                  Defense                  Time % Phy DF OF 
 1 Mark Borowiecki          Andrej Sustr             60     1   2  2  
 2 Greg Pateryn             Michal Jordan            40     1   2  2  

4 vs 4 Forward 
   Center                   Wing                     Time % Phy DF OF 
 1 Elias Lindholm           Eric Nystrom             60     1   2  2  
 2 Jacob De La Rose         David Jones              40     1   2  2  

4 vs 4 Defense
   Defense                  Defense                  Time % Phy DF OF 
 1 Andrej Sustr             Mark Borowiecki          60     1   2  2  
 2 Yannick Weber            Michal Jordan            40     1   2  2  

Last Minutes Offensive
   Center                   Left Wing                Right Wing               Defense                  Defense                  
   Elias Lindholm           Eric Nystrom             David Jones              Andrej Sustr             Yannick Weber            

Last Minutes Defensive
   Center                   Left Wing                Right Wing               Defense                  Defense                  
   Jacob De La Rose         Eric Nystrom             David Jones              Andrej Sustr             Mark Borowiecki          

Goaltenders
Starting : Magnus Hellberg          
Backup : Andrey Makarov           

Extra Forwards
Normal : Jonathan Marchessault, Bobby Butler, Gabriel Dumont - PP : R.J. Umberger, Gabriel Dumont - PK : David Jones
Extra Defensemen
Normal : Michal Jordan, Yannick Weber, Andrej Sustr - PP : Yannick Weber - PK : Michal Jordan, Yannick Weber
Penalty Shots
Elias Lindholm, Eric Nystrom, David Jones, Jacob De La Rose, R.J. Umberger

% Time on Ice - Blackhawks

Lines # - Real PCT - Wanted PCT - Time Play
Normal Forward
1 - 25% - 25% - 12:20
2 - 26% - 25% - 13:04
3 - 24% - 25% - 11:42
4 - 25% - 25% - 12:25
Normal Defense
1 - 30% - 30% - 15:03
2 - 30% - 30% - 14:43
3 - 34% - 30% - 16:45
4 - 6% - 10% - 3:00
PP Forward
1 - 64% - 60% - 2:53
2 - 36% - 40% - 1:39
PP Defense
1 - 59% - 60% - 2:40
2 - 41% - 40% - 1:52
PK Forward
1 - 61% - 50% - 3:11
2 - 39% - 50% - 2:02
PK Defense
1 - 61% - 50% - 3:11
2 - 39% - 50% - 2:02
PK3 Forward
1 - 0% - 50%
2 - 0% - 50%
PK3 Defense
1 - 0% - 50%
2 - 0% - 50%
44 Forward
1 - 45% - 50% - 0:20
2 - 55% - 50% - 0:24
44 Defense
1 - 45% - 50% - 0:20
2 - 55% - 50% - 0:24
Last Minute Offensive  - 0:00
Last Minute Defensive  - 0:00
Total
Forward - 60:00
Defense - 60:00

% Time on Ice - Coyotes

Lines # - Real PCT - Wanted PCT - Time Play
Normal Forward
1 - 28% - 35% - 13:59
2 - 30% - 30% - 14:47
3 - 27% - 22% - 13:24
4 - 15% - 13% - 7:21
Normal Defense
1 - 39% - 35% - 19:30
2 - 29% - 30% - 14:09
3 - 25% - 22% - 12:09
4 - 8% - 13% - 3:43
PP Forward
1 - 46% - 60% - 2:23
2 - 54% - 40% - 2:50
PP Defense
1 - 53% - 60% - 2:45
2 - 47% - 40% - 2:28
PK Forward
1 - 97% - 60% - 4:24
2 - 3% - 40% - 0:08
PK Defense
1 - 65% - 60% - 2:57
2 - 35% - 40% - 1:35
PK3 Forward
1 - 0% - 60%
2 - 0% - 40%
PK3 Defense
1 - 0% - 60%
2 - 0% - 40%
44 Forward
1 - 100% - 60% - 0:44
2 - 0% - 40% - 0:00
44 Defense
1 - 55% - 60% - 0:24
2 - 45% - 40% - 0:20
Last Minute Offensive  - 0:00
Last Minute Defensive  - 0:00
Total
Forward - 60:00
Defense - 60:00

Play by Play

1st period


0:01 of 1st period - Elias Lindholm wins face-off versus Martin Hanzal in neutral zone.
0:21 of 1st period - Wrist shot by Tyler Toffoli.
0:21 of 1st period - Stopped by Magnus Hellberg with a rebound.
0:23 of 1st period - Slapshot by Dustin Byfuglien.
0:23 of 1st period - Shot Misses the Net.
0:31 of 1st period - Wrist shot by Tyler Toffoli.
0:31 of 1st period - Stopped by Magnus Hellberg with a rebound.
0:55 of 1st period - Slapshot by Riley Sheahan.
0:55 of 1st period - Shot Misses the Net.
0:57 of 1st period - Slapshot by Sami Vatanen.
0:57 of 1st period - Shot Blocked by Andrej Sustr.
0:59 of 1st period - Snap shot by Sami Vatanen.
0:59 of 1st period - Stopped by Magnus Hellberg with a rebound.
1:01 of 1st period - Slapshot by Sami Vatanen.
1:01 of 1st period - Shot Misses the Net.
1:03 of 1st period - Slapshot by Sami Vatanen.
1:03 of 1st period - Shot Misses the Net.
1:05 of 1st period - Slapshot by Sami Vatanen.
1:05 of 1st period - Deflect By Mike Hoffman.
1:05 of 1st period - Shot Blocked by Eric Nystrom.
1:05 of 1st period - Puck is out of play.
1:06 of 1st period - Stephen Weiss wins face-off versus David Backes in Coyotes zone.
1:34 of 1st period - Slapshot by Stephen Weiss.
1:34 of 1st period - Stopped by Scott Darling with a rebound.
1:36 of 1st period - Slapshot by Mark Borowiecki.
1:36 of 1st period - Stopped by Scott Darling with a rebound.
1:38 of 1st period - Slapshot by Mark Borowiecki.
1:38 of 1st period - Shot Blocked by Sami Vatanen.
1:40 of 1st period - Snap shot by Yannick Weber.
1:40 of 1st period - Shot Blocked by David Backes.
1:58 of 1st period - Michael Del Zotto is hit by Jacob De La Rose.
2:17 of 1st period - Troy Brouwer is hit by Jacob De La Rose and loses puck.
2:43 of 1st period - Wrist shot by Jacob De La Rose.
2:43 of 1st period - Stopped by Scott Darling without a rebound.
2:44 of 1st period - Bobby Butler wins face-off versus Riley Sheahan in Blackhawks zone.
2:45 of 1st period - Slapshot by Jacob De La Rose.
2:45 of 1st period - Stopped by Scott Darling without a rebound.
2:46 of 1st period - Riley Sheahan wins face-off versus Jacob De La Rose in Blackhawks zone.
2:57 of 1st period - Slapshot by Craig Smith.
2:57 of 1st period - Stopped by Magnus Hellberg without a rebound.
2:58 of 1st period - Riley Sheahan wins face-off versus Stephen Weiss in Coyotes zone.
3:09 of 1st period - R.J. Umberger is hit by Riley Sheahan and loses puck.
3:50 of 1st period - Jared Spurgeon is hit by Elias Lindholm and loses puck.
4:57 of 1st period - Wrist shot by Brooks Laich.
4:57 of 1st period - Shot Misses the Net.
4:59 of 1st period - Wrist shot by Brent Burns.
4:59 of 1st period - Stopped by Magnus Hellberg without a rebound.
5:00 of 1st period - Andrew Shaw wins face-off versus Stephen Weiss in Coyotes zone.
5:13 of 1st period - Slapshot by Yannick Weber.
5:13 of 1st period - Stopped by Scott Darling without a rebound.
5:14 of 1st period - Andrew Shaw wins face-off versus Stephen Weiss in Blackhawks zone.
6:00 of 1st period - Icing by Zach Trotman.
6:01 of 1st period - Martin Hanzal wins face-off versus Elias Lindholm in Blackhawks zone.
6:15 of 1st period - Icing by Zach Trotman.
6:16 of 1st period - Martin Hanzal wins face-off versus Elias Lindholm in Blackhawks zone.
7:43 of 1st period - Michael Del Zotto is hit by Jacob De La Rose and loses puck.
7:48 of 1st period - Wrist shot by Jacob De La Rose.
7:48 of 1st period - Shot Misses the Net.
7:50 of 1st period - Snap shot by Jacob De La Rose.
7:50 of 1st period - Shot Misses the Net.
7:52 of 1st period - Slapshot by Jacob De La Rose.
7:52 of 1st period - Shot Misses the Net.
7:54 of 1st period - Wrist shot by Jacob De La Rose.
7:54 of 1st period - Shot Blocked by Sami Vatanen.
7:56 of 1st period - Snap shot by Mark Borowiecki.
7:56 of 1st period - Shot Misses the Net.
7:58 of 1st period - Slapshot by Carter Ashton.
7:58 of 1st period - Stopped by Scott Darling with a rebound.
8:00 of 1st period - Slapshot by Mark Borowiecki.
8:00 of 1st period - Deflect By Jacob De La Rose.
8:00 of 1st period - Shot Misses the Net.
8:00 of 1st period - Puck is out of play.
8:01 of 1st period - Andrew Shaw wins face-off versus Stephen Weiss in Blackhawks zone.
8:50 of 1st period - Zach Trotman is hit by Mark Borowiecki and loses puck.
9:45 of 1st period - Bobby Butler is hit by Craig Smith and loses puck.
9:52 of 1st period - Snap shot by Craig Smith.
9:52 of 1st period - Shot Misses the Net.
9:54 of 1st period - Slapshot by Michael Del Zotto.
9:54 of 1st period - Shot Blocked by Michal Jordan.
9:56 of 1st period - Backhand shot by Sami Vatanen.
9:56 of 1st period - Shot Blocked by Michal Jordan.
9:58 of 1st period - Slapshot by Sami Vatanen.
9:58 of 1st period - Deflect By Riley Sheahan.
9:58 of 1st period - Shot Misses the Net.
9:58 of 1st period - Puck is out of play.
9:59 of 1st period - David Backes wins face-off versus R.J. Umberger in Coyotes zone.
10:22 of 1st period - Snap shot by R.J. Umberger.
10:22 of 1st period - Stopped by Scott Darling with a rebound.
10:35 of 1st period - Minor Penalty to Nathan Beaulieu for Roughing.
10:36 of 1st period - David Backes wins face-off versus Jacob De La Rose in Coyotes zone.
10:41 of 1st period - David Backes is hit by Greg Pateryn.
10:46 of 1st period - Off-side.
10:47 of 1st period - David Backes wins face-off versus Jacob De La Rose in neutral zone.
10:50 of 1st period - Snap shot by David Backes.
10:50 of 1st period - Goal by David Backes - Blackhawks : 1 - Coyotes : 0.
10:51 of 1st period - Riley Sheahan wins face-off versus Elias Lindholm in neutral zone.
12:01 of 1st period - Troy Brouwer is hit by Yannick Weber and loses puck.
12:09 of 1st period - Off-side.
12:10 of 1st period - David Backes wins face-off versus Jacob De La Rose in neutral zone.
12:29 of 1st period - Jonathan Marchessault is hit by Sami Vatanen and loses puck.
12:30 of 1st period - Jonathan Marchessault from Coyotes is injured at 12:30 of 1st period (Right Hip).
12:31 of 1st period - Jacob De La Rose wins face-off versus Andrew Shaw in Coyotes zone.
12:50 of 1st period - Snap shot by Troy Brouwer.
12:50 of 1st period - Shot Misses the Net.
13:24 of 1st period - Jared Spurgeon is hit by Michal Jordan and loses puck.
13:33 of 1st period - Zach Trotman is hit by David Jones and loses puck.
13:52 of 1st period - Wrist shot by Brock Nelson.
13:52 of 1st period - Shot Misses the Net.
14:14 of 1st period - Snap shot by David Backes.
14:14 of 1st period - Shot Misses the Net.
14:16 of 1st period - Snap shot by David Backes.
14:16 of 1st period - Stopped by Magnus Hellberg without a rebound.
14:17 of 1st period - David Backes wins face-off versus Rob Klinkhammer in Coyotes zone.
14:31 of 1st period - Snap shot by David Backes.
14:31 of 1st period - Stopped by Magnus Hellberg without a rebound.
14:32 of 1st period - Jacob De La Rose wins face-off versus Riley Sheahan in Coyotes zone.
14:53 of 1st period - Snap shot by Riley Sheahan.
14:53 of 1st period - Shot Misses the Net.
14:55 of 1st period - Slapshot by Jared Spurgeon.
14:55 of 1st period - Deflect By Andrej Sustr.
14:55 of 1st period - Stopped by Magnus Hellberg with a rebound.
14:57 of 1st period - Wrist shot by Mike Hoffman.
14:57 of 1st period - Goal by Mike Hoffman - Blackhawks : 2 - Coyotes : 0.
14:58 of 1st period - Stephen Weiss wins face-off versus Tanner Pearson in neutral zone.
15:10 of 1st period - Minor Penalty to Troy Brouwer for Hooking.
15:11 of 1st period - David Backes wins face-off versus Elias Lindholm in Blackhawks zone.
16:01 of 1st period - Wrist shot by Stephen Weiss.
16:01 of 1st period - Stopped by Scott Darling with a rebound.
16:07 of 1st period - Slapshot by R.J. Umberger.
16:07 of 1st period - Shot Misses the Net.
16:13 of 1st period - Slapshot by Gabriel Dumont.
16:13 of 1st period - Shot Blocked by Michael Del Zotto.
16:15 of 1st period - Slapshot by R.J. Umberger.
16:15 of 1st period - Deflect By Gabriel Dumont.
16:15 of 1st period - Deflect By David Backes.
16:15 of 1st period - Shot Misses the Net.
16:15 of 1st period - Puck is out of play.
16:16 of 1st period - David Backes wins face-off versus Stephen Weiss in Blackhawks zone.
16:27 of 1st period - Andrej Sustr is hit by Brent Burns and loses puck.
16:54 of 1st period - Snap shot by Elias Lindholm.
16:54 of 1st period - Shot Blocked by Jared Spurgeon.
17:10 of 1st period - Penalty to Troy Brouwer is over, Troy Brouwer is back on ice.
18:39 of 1st period - Snap shot by Tyler Toffoli.
18:39 of 1st period - Shot Blocked by Mark Borowiecki.
18:59 of 1st period - Snap shot by Tanner Pearson.
18:59 of 1st period - Goal by Tanner Pearson - Blackhawks : 3 - Coyotes : 0.
19:00 of 1st period - Andrew Shaw wins face-off versus Elias Lindholm in neutral zone.
19:21 of 1st period - Slapshot by Torey Krug.
19:21 of 1st period - Stopped by Magnus Hellberg without a rebound.
19:22 of 1st period - Riley Sheahan wins face-off versus Stephen Weiss in Coyotes zone.
19:43 of 1st period - Wrist shot by Stephen Weiss.
19:43 of 1st period - Shot Blocked by Dustin Byfuglien.
19:47 of 1st period - Snap shot by R.J. Umberger.
19:47 of 1st period - Stopped by Scott Darling with a rebound.
19:49 of 1st period - Wrist shot by Stephen Weiss.
19:49 of 1st period - Stopped by Scott Darling without a rebound.
19:50 of 1st period - Elias Lindholm wins face-off versus David Backes in Blackhawks zone.
Goals for this period are 3 for Blackhawks vs 0 for Coyotes.
Shots for this period are 12 for Blackhawks vs 10 for Coyotes.

2nd period


0:01 of 2nd period - Jacob De La Rose wins face-off versus David Backes in neutral zone.
0:06 of 2nd period - Backhand shot by Jacob De La Rose.
0:06 of 2nd period - Stopped by Scott Darling with a rebound.
0:08 of 2nd period - Slapshot by Mark Borowiecki.
0:08 of 2nd period - Deflect By Bobby Butler.
0:08 of 2nd period - Shot Misses the Net.
0:08 of 2nd period - Puck is out of play.
0:09 of 2nd period - David Backes wins face-off versus Jacob De La Rose in Blackhawks zone.
0:34 of 2nd period - Snap shot by Jacob De La Rose.
0:34 of 2nd period - Shot Misses the Net.
0:36 of 2nd period - Slapshot by Jacob De La Rose.
0:36 of 2nd period - Shot Misses the Net.
0:40 of 2nd period - Slapshot by Jacob De La Rose.
0:40 of 2nd period - Stopped by Scott Darling with a rebound.
0:42 of 2nd period - Wrist shot by Jacob De La Rose.
0:42 of 2nd period - Shot Misses the Net.
1:05 of 2nd period - Brent Burns is hit by David Jones and loses puck.
1:14 of 2nd period - Wrist shot by Elias Lindholm.
1:14 of 2nd period - Stopped by Scott Darling without a rebound.
1:15 of 2nd period - Andrew Shaw wins face-off versus Stephen Weiss in Blackhawks zone.
2:26 of 2nd period - Wrist shot by Tyler Toffoli.
2:26 of 2nd period - Stopped by Magnus Hellberg with a rebound.
2:28 of 2nd period - Slapshot by Zach Trotman.
2:28 of 2nd period - Stopped by Magnus Hellberg with a rebound.
2:30 of 2nd period - Wrist shot by Martin Hanzal.
2:30 of 2nd period - Deflect By Tyler Toffoli.
2:30 of 2nd period - Stopped by Magnus Hellberg with a rebound.
2:32 of 2nd period - Snap shot by Tyler Toffoli.
2:32 of 2nd period - Stopped by Magnus Hellberg with a rebound.
2:52 of 2nd period - Wrist shot by Mike Hoffman.
2:52 of 2nd period - Shot Misses the Net.
2:54 of 2nd period - Snap shot by Craig Smith.
2:54 of 2nd period - Stopped by Magnus Hellberg with a rebound.
2:56 of 2nd period - Slapshot by Mike Hoffman.
2:56 of 2nd period - Shot Blocked by Greg Pateryn.
3:56 of 2nd period - Wrist shot by Brent Burns.
3:56 of 2nd period - Shot Blocked by Yannick Weber.
3:58 of 2nd period - Slapshot by Michael Del Zotto.
3:58 of 2nd period - Shot Blocked by Mark Borowiecki.
4:18 of 2nd period - Michael Del Zotto is hit by Mark Borowiecki.
4:27 of 2nd period - Andrej Sustr is hit by Brock Nelson and loses puck.
4:57 of 2nd period - Snap shot by Riley Sheahan.
4:57 of 2nd period - Stopped by Magnus Hellberg with a rebound.
5:09 of 2nd period - Wrist shot by Tanner Pearson.
5:09 of 2nd period - Deflect By Andrew Shaw.
5:09 of 2nd period - Stopped by Magnus Hellberg without a rebound.
5:10 of 2nd period - Jacob De La Rose wins face-off versus Andrew Shaw in Coyotes zone.
5:27 of 2nd period - Snap shot by Tanner Pearson.
5:27 of 2nd period - Stopped by Magnus Hellberg with a rebound.
5:51 of 2nd period - Snap shot by Brent Burns.
5:51 of 2nd period - Goal by Brent Burns - Blackhawks : 4 - Coyotes : 0.
5:52 of 2nd period - Martin Hanzal wins face-off versus Jacob De La Rose in neutral zone.
6:29 of 2nd period - Snap shot by Martin Hanzal.
6:29 of 2nd period - Shot Hit the Post.
6:43 of 2nd period - Wrist shot by Brent Burns.
6:43 of 2nd period - Shot Misses the Net.
7:43 of 2nd period - Elias Lindholm is hit by Riley Sheahan and loses puck.
7:50 of 2nd period - Greg Pateryn is hit by Sami Vatanen and loses puck.
9:12 of 2nd period - Greg Pateryn is hit by Brock Nelson and loses puck.
9:22 of 2nd period - Off-side.
9:23 of 2nd period - David Backes wins face-off versus Elias Lindholm in neutral zone.
10:31 of 2nd period - Zach Trotman is hit by Eric Nystrom and loses puck.
13:13 of 2nd period - Yannick Weber is hit by Sami Vatanen.
13:25 of 2nd period - Backhand shot by Bobby Butler.
13:25 of 2nd period - Stopped by Scott Darling with a rebound.
14:12 of 2nd period - Greg Pateryn is hit by Martin Hanzal and loses puck.
14:33 of 2nd period - Snap shot by David Backes.
14:33 of 2nd period - Shot Misses the Net.
15:19 of 2nd period - David Jones is hit by Riley Sheahan and loses puck.
15:32 of 2nd period - Snap shot by Troy Brouwer.
15:32 of 2nd period - Stopped by Magnus Hellberg with a rebound.
15:34 of 2nd period - Snap shot by Tanner Pearson.
15:34 of 2nd period - Stopped by Magnus Hellberg with a rebound.
15:36 of 2nd period - Slapshot by Torey Krug.
15:36 of 2nd period - Shot Misses the Net.
16:11 of 2nd period - Off-side.
16:12 of 2nd period - David Backes wins face-off versus Stephen Weiss in neutral zone.
16:31 of 2nd period - Wrist shot by David Backes.
16:31 of 2nd period - Deflect By Brent Burns.
16:31 of 2nd period - Shot Misses the Net.
16:31 of 2nd period - Puck is out of play.
16:32 of 2nd period - Jacob De La Rose wins face-off versus David Backes in Coyotes zone.
16:37 of 2nd period - Slapshot by Andrej Sustr.
16:37 of 2nd period - Stopped by Scott Darling without a rebound.
16:38 of 2nd period - Riley Sheahan wins face-off versus Jacob De La Rose in Blackhawks zone.
16:38 of 2nd period - Riley Sheahan is hit by Eric Nystrom.
16:44 of 2nd period - Wrist shot by Jacob De La Rose.
16:44 of 2nd period - Stopped by Scott Darling without a rebound.
16:45 of 2nd period - Riley Sheahan wins face-off versus Jacob De La Rose in Blackhawks zone.
17:02 of 2nd period - Snap shot by Mike Hoffman.
17:02 of 2nd period - Shot Misses the Net.
17:13 of 2nd period - Minor Penalty to Carter Ashton for Hooking.
17:14 of 2nd period - Jacob De La Rose wins face-off versus Troy Brouwer in Coyotes zone.
17:54 of 2nd period - Snap shot by Greg Pateryn.
17:54 of 2nd period - Shot Misses the Net.
18:14 of 2nd period - Greg Pateryn is hit by Brent Burns and loses puck.
19:13 of 2nd period - Penalty to Carter Ashton is over, Carter Ashton is back on ice.
19:24 of 2nd period - Slapshot by Tyler Toffoli.
19:24 of 2nd period - Stopped by Magnus Hellberg with a rebound.
19:53 of 2nd period - Icing by Andrej Sustr.
19:54 of 2nd period - Brent Burns wins face-off versus Jacob De La Rose in Coyotes zone.
Goals for this period are 1 for Blackhawks vs 0 for Coyotes.
Shots for this period are 12 for Blackhawks vs 6 for Coyotes.

3rd period


0:01 of 3rd period - Elias Lindholm wins face-off versus Andrew Shaw in neutral zone.
0:24 of 3rd period - Slapshot by Dustin Byfuglien.
0:24 of 3rd period - Deflect By Tanner Pearson.
0:24 of 3rd period - Stopped by Magnus Hellberg with a rebound.
0:26 of 3rd period - Snap shot by Tanner Pearson.
0:26 of 3rd period - Stopped by Magnus Hellberg with a rebound.
1:04 of 3rd period - Andrej Sustr is hit by Martin Hanzal and loses puck.
1:43 of 3rd period - Wrist shot by David Backes.
1:43 of 3rd period - Shot Blocked by Bobby Butler.
1:45 of 3rd period - Snap shot by Michael Del Zotto.
1:45 of 3rd period - Shot Misses the Net.
1:57 of 3rd period - Wrist shot by Brent Burns.
1:57 of 3rd period - Shot Blocked by Gabriel Dumont.
1:59 of 3rd period - Wrist shot by Brooks Laich.
1:59 of 3rd period - Stopped by Magnus Hellberg with a rebound.
2:56 of 3rd period - David Jones is hit by Tanner Pearson and loses puck.
3:11 of 3rd period - Minor Penalty to Dustin Byfuglien for Hooking.
3:12 of 3rd period - Martin Hanzal wins face-off versus Stephen Weiss in Blackhawks zone.
4:11 of 3rd period - David Backes is hit by R.J. Umberger and loses puck.
4:18 of 3rd period - Snap shot by R.J. Umberger.
4:18 of 3rd period - Shot Misses the Net.
4:20 of 3rd period - Snap shot by Jacob De La Rose.
4:20 of 3rd period - Stopped by Scott Darling without a rebound.
4:21 of 3rd period - Martin Hanzal wins face-off versus Stephen Weiss in Blackhawks zone.
4:26 of 3rd period - Minor Penalty to R.J. Umberger for Roughing.
4:27 of 3rd period - Elias Lindholm wins face-off versus Riley Sheahan in Coyotes zone.
4:46 of 3rd period - Snap shot by Elias Lindholm.
4:46 of 3rd period - Goal by Elias Lindholm - Blackhawks : 4 - Coyotes : 1.
4:47 of 3rd period - Elias Lindholm wins face-off versus Andrew Shaw in neutral zone.
5:11 of 3rd period - Penalty to Dustin Byfuglien is over, Dustin Byfuglien is back on ice.
5:11 of 3rd period - Snap shot by Andrew Shaw.
5:11 of 3rd period - Shot Misses the Net.
5:29 of 3rd period - Snap shot by Andrew Shaw.
5:29 of 3rd period - Goal by Andrew Shaw - Blackhawks : 5 - Coyotes : 1.
5:30 of 3rd period - Martin Hanzal wins face-off versus Stephen Weiss in neutral zone.
5:43 of 3rd period - Wrist shot by Tyler Toffoli.
5:43 of 3rd period - Shot Misses the Net.
5:55 of 3rd period - Slapshot by Brock Nelson.
5:55 of 3rd period - Shot Misses the Net.
5:57 of 3rd period - Snap shot by Zach Trotman.
5:57 of 3rd period - Shot Misses the Net.
5:59 of 3rd period - Wrist shot by Brock Nelson.
5:59 of 3rd period - Stopped by Magnus Hellberg with a rebound.
6:39 of 3rd period - Slapshot by Jacob De La Rose.
6:39 of 3rd period - Deflect By Gabriel Dumont.
6:39 of 3rd period - Stopped by Scott Darling with a rebound.
6:41 of 3rd period - Wrist shot by Bobby Butler.
6:41 of 3rd period - Deflect By Brent Burns.
6:41 of 3rd period - Stopped by Scott Darling with a rebound.
6:43 of 3rd period - Slapshot by Andrej Sustr.
6:43 of 3rd period - Deflect By David Backes.
6:43 of 3rd period - Stopped by Scott Darling with a rebound.
7:21 of 3rd period - Wrist shot by Elias Lindholm.
7:21 of 3rd period - Shot Misses the Net.
7:34 of 3rd period - Nathan Beaulieu beats up Troy Brouwer.
7:34 of 3rd period - Penalty to Nathan Beaulieu for Fighting.
7:34 of 3rd period - Penalty to Troy Brouwer for Fighting.
7:34 of 3rd period - Penalty to Troy Brouwer for instigated a fight.
7:34 of 3rd period - Penalty to Troy Brouwer for instigated a fight.
7:35 of 3rd period - Martin Hanzal wins face-off versus Stephen Weiss in Coyotes zone.
8:12 of 3rd period - Wrist shot by Stephen Weiss.
8:12 of 3rd period - Shot Misses the Net.
9:12 of 3rd period - Snap shot by David Jones.
9:12 of 3rd period - Shot Misses the Net.
9:34 of 3rd period - Penalty to Troy Brouwer is over, Brent Burns is send on ice.
10:02 of 3rd period - Mark Borowiecki is hit by Andrew Shaw.
10:26 of 3rd period - Icing by R.J. Umberger.
10:27 of 3rd period - Stephen Weiss wins face-off versus Martin Hanzal in Coyotes zone.
11:18 of 3rd period - Gabriel Dumont is hit by Torey Krug and loses puck.
11:24 of 3rd period - Icing by Gabriel Dumont.
11:25 of 3rd period - Jacob De La Rose wins face-off versus Riley Sheahan in Coyotes zone.
12:13 of 3rd period - Snap shot by Tanner Pearson.
12:13 of 3rd period - Shot Misses the Net.
12:15 of 3rd period - Slapshot by Jared Spurgeon.
12:15 of 3rd period - Shot Blocked by Andrej Sustr.
12:17 of 3rd period - Wrist shot by Tanner Pearson.
12:17 of 3rd period - Shot Misses the Net.
12:19 of 3rd period - Slapshot by Sami Vatanen.
12:19 of 3rd period - Shot Misses the Net.
12:21 of 3rd period - Snap shot by Michael Del Zotto.
12:21 of 3rd period - Goal by Michael Del Zotto - Blackhawks : 6 - Coyotes : 1.
12:22 of 3rd period - David Backes wins face-off versus Jacob De La Rose in neutral zone.
12:22 of 3rd period - David Backes is hit by Yannick Weber.
12:29 of 3rd period - Minor Penalty to Carter Ashton for Tripping.
12:30 of 3rd period - David Backes wins face-off versus Jacob De La Rose in Coyotes zone.
12:31 of 3rd period - Wrist shot by Tanner Pearson.
12:31 of 3rd period - Shot Blocked by Andrej Sustr.
12:33 of 3rd period - Snap shot by Dustin Byfuglien.
12:33 of 3rd period - Deflect By Tanner Pearson.
12:33 of 3rd period - Stopped by Magnus Hellberg without a rebound.
12:34 of 3rd period - Penalty to Nathan Beaulieu is over, Nathan Beaulieu is back on ice.
12:34 of 3rd period - David Backes wins face-off versus Jacob De La Rose in Coyotes zone.
13:35 of 3rd period - Mark Borowiecki is hit by Dustin Byfuglien and loses puck.
14:17 of 3rd period - Slapshot by Craig Smith.
14:17 of 3rd period - Stopped by Magnus Hellberg with a rebound.
14:29 of 3rd period - Penalty to Carter Ashton is over, Carter Ashton is back on ice.
14:38 of 3rd period - Sami Vatanen is hit by Mark Borowiecki and loses puck.
14:55 of 3rd period - Jared Spurgeon is hit by R.J. Umberger and loses puck.
16:33 of 3rd period - Sami Vatanen is hit by Greg Pateryn.
16:37 of 3rd period - Slapshot by R.J. Umberger.
16:37 of 3rd period - Shot Misses the Net.
16:39 of 3rd period - Snap shot by Michal Jordan.
16:39 of 3rd period - Shot Misses the Net.
16:41 of 3rd period - Slapshot by Michal Jordan.
16:41 of 3rd period - Stopped by Scott Darling without a rebound.
16:42 of 3rd period - Stephen Weiss wins face-off versus Riley Sheahan in Blackhawks zone.
17:00 of 3rd period - Riley Sheahan is hit by David Jones and loses puck.
18:03 of 3rd period - Michal Jordan is hit by Brent Burns and loses puck.
18:16 of 3rd period - Snap shot by Tyler Toffoli.
18:16 of 3rd period - Shot Misses the Net.
18:18 of 3rd period - Slapshot by Michael Del Zotto.
18:18 of 3rd period - Stopped by Magnus Hellberg without a rebound.
18:19 of 3rd period - Elias Lindholm wins face-off versus Brock Nelson in Coyotes zone.
18:19 of 3rd period - Elias Lindholm is hit by Martin Hanzal.
18:29 of 3rd period - Snap shot by David Jones.
18:29 of 3rd period - Shot Misses the Net.
19:09 of 3rd period - Michal Jordan is hit by Craig Smith and loses puck.
19:34 of 3rd period - Michael Del Zotto is hit by Greg Pateryn.
19:35 of 3rd period - Icing by Michael Del Zotto.
19:36 of 3rd period - Riley Sheahan wins face-off versus Bobby Butler in Blackhawks zone.
19:49 of 3rd period - Slapshot by Yannick Weber.
19:49 of 3rd period - Stopped by Scott Darling without a rebound.
19:50 of 3rd period - Martin Hanzal wins face-off versus Rob Klinkhammer in Blackhawks zone.
19:59 of 3rd period - Snap shot by Rob Klinkhammer.
19:59 of 3rd period - Shot Misses the Net.
Goals for this period are 2 for Blackhawks vs 1 for Coyotes.
Shots for this period are 9 for Blackhawks vs 7 for Coyotes.